 Dungeon Crawl Stone Soup version 0.31-a0-40-g1d5085d191 (webtiles) character file.

Game seed: 11109368035814802640

58 pk666 the Firebug (level 3, -10/19 HPs)
             Began as a Deep Elf Fire Elementalist on May 17, 2023.
             Killed by divine providence
             ... invoked by an orc priest
              (16 damage)
             ... on level 4 of the Dungeon.
             The game lasted 00:03:12 (2850 turns).

pk666 the Firebug (Deep Elf Fire Elementalist)      Turns: 2850, Time: 00:03:15

Health: -10/19     AC:  3    Str:  5    XL:     3   Next: 75%
Magic:  9/10       EV: 13    Int: 21    God:
Gold:   173        SH:  0    Dex: 15    Spells: 6/9 levels left

rFire   . . .        i - +2 dagger (venom)
rCold   . . .        (no shield)
rNeg    . . .        a - +0 robe
rPois   .            (no helmet)
rElec   .            c - +0 cloak
rCorr   .            (no gloves)
SInv    .            (no boots)
Will    .....        (no amulet)
Stlth   ++           (no ring)
HPRegen 0.23/turn    (no ring)
MPRegen 0.12/turn

%: no passive effects
@: no status effects
A: no striking features
a: no special abilities


You were on level 4 of the Dungeon.
You visited 1 branch of the dungeon, and saw 4 of its levels.

You collected 173 gold pieces.

Inventory:

Hand Weapons
 i - a +2 dagger of venom (weapon)
Armour
 a - a +0 robe (worn)
 c - a +0 cloak (worn)
Jewellery
 q - a ring of see invisible
Scrolls
 d - a scroll of blinking {unknown}
 f - a scroll of brand weapon {unknown}
 g - 4 scrolls of identify {unknown}
 h - a scroll of fear {unknown}
 k - a scroll of teleportation {unknown}
 l - a scroll of immolation {unknown}
 m - 3 scrolls of fog {unknown}
 o - a scroll of enchant armour {unknown}
 r - a scroll of amnesia {unknown}
 s - a scroll of vulnerability {unknown}
Potions
 b - a potion of magic
 e - 5 potions of curing {unknown}
 j - a potion of degeneration {unknown}
 n - a potion of cancellation {unknown}
 p - a potion of berserk rage {unknown}


   Skills:
 + Level 3.2 Dodging
 - Level 2.4 Stealth
 + Level 3.8 Spellcasting
 + Level 2.1 Conjurations
 + Level 3.9 Fire Magic


You had 6 spell levels left.
You knew the following spells:

 Your Spells              Type           Power      Damage    Failure   Level
a - Foxfire               Conj/Fire      64%        2x1d7     3%          1
b - Scorch                Fire           40%        2d6       3%          2

Your spell library contained the following spells:

 Spells                   Type           Power      Damage    Failure   Level
 Inner Flame              Hex/Fire       12%        N/A       16%         3
 Volatile Blastmotes      Fire/Tloc      24%        2d12      16%         3
 Flame Wave               Conj/Fire      16%        2d7       34%         4


Dungeon Overview and Level Annotations

Branches:
Dungeon (4/15)
 Temple: D:4-7

Altars:
Sif Muna

Shops:
D:2 =


Message History

You are very lightly contaminated with residual magic.
Nothing appears to happen.
The orc priest shouts!
Your magical contamination has completely faded away.
You see here 5 stones.
You start waiting.
You hear a splashing noise.
Done waiting.
You start waiting.
Done waiting.
You start waiting.
An orc is nearby!
Casting: Foxfire (safe; 3% risk of failure)
Confirm with . or Enter, or press ? or * to list all spells.
You conjure some foxfire!
The foxfire hits the orc.
The orc is severely wounded.
The foxfire hits the orc.
You kill the orc!
You start resting.
Magic restored.
You start waiting.
Done waiting.
Something unseen opens the door.
Casting: Foxfire (safe; 3% risk of failure)
Confirm with . or Enter, or press ? or * to list all spells.
You conjure some foxfire!
The orc priest shouts!
The orc priest calls down the wrath of Beogh upon you.
Beogh smites you!
Ouch! That really hurt!
Unknown command.
The foxfire hits the orc priest.
The orc priest is lightly wounded.
The foxfire hits the orc priest but does no damage.
The orc priest is lightly wounded.
The orc priest invokes the aid of Beogh against you.
Beogh smites you!
Ouch! That really hurt!
You die...

~~.#..####..##..†.#...#≈
+.................#.⌠.#
#.................#...#
#...)....<)........###~.
#....##...######.......
#....##...# .####.##
###.........# . ..
..'.....§§..# . #
#o.§§§@§..# #.>§###...#
## #######(..## ~~#
#....).♣ ~o~♣
#.....♣♣♣♣~~P~~
+....♣♣♣~~≈≈P~~
###.~♣~~P≈≈≈~~P
#~P~~~~~≈≈≈≈~
....P~~~~~~P≈≈≈≈≈


You could see an orc priest.

Vanquished Creatures
  2 dart slugs
  5 orcs
  5 endoplasms
  8 goblins
  7 hobgoblins
  4 kobolds
  4 ball pythons
  3 bats
  3 frilled lizards
  2 rats (D:2)
43 creatures vanquished.

Vanquished Creatures (others)
  114 foxfires
114 creatures vanquished.

Grand Total: 157 creatures vanquished

Notes
Turn   | Place    | Note
-------+----------+-------------------------------------------
     0 | D:1      | pk666 the Deep Elf Fire Elementalist began the quest for
                  | the Orb.
     0 | D:1      | Reached XP level 1. HP: 10/10 MP: 6/6
   177 | D:1      | Reached XP level 2. HP: 15/15 MP: 2/8
   292 | D:1      | Learned a level 2 spell: Scorch
  1049 | D:1      | Reached XP level 3. HP: 19/19 MP: 5/10
  1653 | D:2      | Found Pirud's Jewellery Emporium.
  2017 | D:3      | Found a shimmering blue altar of Sif Muna.
  2850 | D:4      | Killed from afar by an orc priest

Illustrated notes

Levels and vault maps discovered:
D:1:      dpeg_arrival_houses_and_road, layout_basic, minmay_door_square
D:2:      layout_basic, serial_shops, shop
D:3:      layout_basic, mainiacjoe_overflow_24_doors, minmay_misc_feat_room,
          minmay_misc_feat_more_columns
D:4:      layout_gridville, serial_bayou, serial_bayou_pond_e,
          serial_bayou_lagoon_b, serial_bayou_lagoon_a, serial_bayou_pond_c,
          fountainhead

Skill      XL: |  1  2  3 |
---------------+----------+-----
Dodging        | 3 |  3.2
Conjurations   | 2 |  2.1
Stealth        | |  2.4
Spellcasting   | |  3.8
Fire Magic     | |  3.9

Action                     || total
---------------------------++-------
   Cast: Foxfire           ||    74
         Scorch            ||     7
 Armour: Robe              ||     1
  Dodge: Dodged            ||     6

Table legend: (Time is in decaauts)
 A = Elapsed time spent in this place.
 B = Non-inter-level travel time spent in this place.
 C = Inter-level travel time spent in this place.
 D = Time resting spent in this place.
 E = Time spent auto-exploring this place.
 F = Levels seen in this place.
 G = Mean time per level.
                   A        B        C        D        E       F      G
               +--------+--------+--------+--------+--------+-----+--------+
         Total |   2852 |   2778 |     74 |    455 |   2047 |   4 |  713.0 |
       Dungeon |   2852 |   2778 |     74 |    455 |   2047 |   4 |  713.0 |
               +--------+--------+--------+--------+--------+-----+--------+

Top non-repeatable levels by time:
     D:1: 1221 daAuts
     D:2: 727 daAuts
     D:4: 509 daAuts
     D:3: 393 daAuts
